 Dungeon Crawl Stone Soup version 0.18.1-48-g4cf74bf (webtiles) character file.

135 Aksej the Slasher (level 4, -3/34 HPs)
             Began as a Demonspawn Gladiator on June 24, 2016.
             Was an Initiate of Ashenzari.
             Killed by nerve-wracking pain
             ... invoked by an orc priest
              (5 damage)
             ... on level 4 of the Dungeon.
             The game lasted 00:05:41 (3079 turns).

Aksej the Slasher (Demonspawn Gladiator)            Turns: 3079, Time: 00:05:43

Health: -3/34      AC: 12    Str: 16      XL:     4   Next: 97%
Magic:  4/4        EV:  7    Int: 10      God:    Ashenzari [......]
Gold:   203        SH:  0    Dex: 11 (13) Spells: 0 memorised, 3 levels left

rFire  + + .     SeeInvis .     a - +1 long sword
rCold  . . .     Gourm    .     e - +0 chain mail
rNeg   . . .     Faith    .     (no shield)
rPois  .         Spirit   .     c - +0 helmet
rElec  .         Dismiss  +     (no cloak)
rCorr  .         Reflect  .     l - +2 pair of gloves
SustAt .         Harm     .     (no boots)
MR     .....                    o - amulet of dismissal (curse)
Stlth  ..........               (no ring)
                                h - ring of protection from fire (curse)

@: very slightly contaminated, invisible (expiring), not resistant to hostile
enchantments, extremely unstealthy
A: hooves 1, fire resistance 1, flame cloud immunity
a: Curse Item, Renounce Religion


You were on level 4 of the Dungeon.
You worshipped Ashenzari.
Ashenzari was noncommittal.
You were not hungry.

You visited 1 branch of the dungeon, and saw 4 of its levels.

You collected 203 gold pieces.

Inventory:

Hand Weapons
 a - a +1 long sword (weapon)
Missiles
 d - 3 throwing nets (quivered)
 g - 8 tomahawks
Armour
 c - a +0 helmet (worn)
 e - a +0 chain mail (worn)
 l - a +2 pair of gloves (worn)
Jewellery
 h - a cursed ring of protection from fire (left hand)
 o - a cursed amulet of dismissal (around neck)
Scrolls
 p - a scroll of remove curse
Potions
 b - a potion of flight
Comestibles
 f - 5 bread rations
 i - 2 meat rations
 k - a chunk of flesh
 m - 4 fruits


   Skills:
 + Level 2.3 Fighting
 * Level 3.9 Long Blades
 + Level 2.0 Throwing
 + Level 1.7 Armour
 + Level 3.3 Dodging


You had 3 spell levels left.
You didn't know any spells.

Dungeon Overview and Level Annotations

Branches:
Dungeon (4/15)
 Temple: D:4-7

Altars:
Ashenzari
Dithmenos
Sif Muna
Yredelemnul
The Shining One


Innate Abilities, Weirdness & Mutations

You have large cloven feet.
Your flesh is heat resistant.
You are immune to clouds of flame.


Message History

The giant frog skeleton barely misses you.
The orc barely misses you.
The orc priest mumbles some strange prayers to Beogh against you.
Beogh smites you!
* * * LOW HITPOINT WARNING * * *
The giant frog skeleton hits you.
* * * LOW HITPOINT WARNING * * *
You closely miss the orc priest. Your kick misses the orc priest.
The orc priest is heavily wounded.
You flicker for a moment.
The giant frog skeleton hits you but does no damage.
The orc barely misses you. The orc priest closely misses you.
Your chain mail prevents you from hitting the orc priest.
You kick the orc priest, but do no damage.
The orc priest is heavily wounded.
The giant frog skeleton hits you but does no damage.
The orc hits you but does no damage.
The orc priest invokes the aid of Beogh against you.
Pain shoots through your body!
You die...

..# ##.#
#!.# #..##
#...##
#....#
#.<..#
##..Z#####
##..@...#
#.#oo.[.#
....####....
###### ##.


You could see an orc priest, an orc and a giant frog skeleton.

Vanquished Creatures
  An orc priest (D:4)
  2 adders
  An ooze (D:3)
  An adder skeleton (D:3)
  4 worms
  2 dart slugs (D:1)
  2 giant geckos
  An orc (D:3)
  A ball python (D:3)
  3 giant cockroaches
  7 goblins
  9 hobgoblins
  3 kobolds
  3 quokkas (D:3)
  10 bats
  7 giant newts
  6 rats
  A spectral orc (D:3)
64 creatures vanquished.

Notes
Turn   | Place    | Note
--------------------------------------------------------------
     0 | D:1      | Aksej the Demonspawn Gladiator began the quest for the Orb.
     0 | D:1      | Reached XP level 1. HP: 16/16 MP: 1/1
   182 | D:1      | Found a glowing golden altar of the Shining One.
   328 | D:1      | Gained mutation: You have large cloven feet. [demonic ancestry]
   328 | D:1      | Reached XP level 2. HP: 12/22 MP: 2/2
   632 | D:1      | You fall through a shaft!
   943 | D:1      | Gained mutation: Your flesh is heat resistant. [demonic ancestry]
   943 | D:1      | Reached XP level 3. HP: 27/27 MP: 3/3
  1049 | D:2      | Found a shattered altar of Ashenzari.
  1077 | D:2      | Found a deep blue altar of Sif Muna.
  1510 | D:2      | Became a worshipper of Ashenzari the Shackled
  1943 | D:3      | Found a shadowy altar of Dithmenos.
  1986 | D:3      | Found a shadowy altar of Dithmenos.
  2123 | D:3      | Reached skill level 1 in Armour
  2123 | D:3      | Gained mutation: You are immune to clouds of flame. [demonic ancestry]
  2123 | D:3      | Reached XP level 4. HP: 30/33 MP: 4/4
  2961 | D:3      | Found a basalt altar of Yredelemnul.
  3079 | D:4      | Killed from afar by an orc priest

Skill      XL: |  1  2  3 |
---------------+----------+-----
Dodging        | 3 |  3.3
Long Blades    | 3 |  3.9
Throwing       | 2 |  2.0
Armour         | 1 |  1.7
Fighting       | |  2.3

Action                   |  1- 3 |  4- 6 || total
-------------------------+-------+-------++-------
Melee: Long sword        |   170 |    88 ||   258
       Kick              |    28 |    20 ||    48
Invok: Curse Item        |     1 |     1 ||     2
  Use: Scroll            |     4 |     1 ||     5
       Potion            |     1 |     1 ||     2
 Stab: Invisible         |       |     2 ||     2
  Eat: Chunk             |     4 |     3 ||     7
Armor: Chain mail        |   146 |    85 ||   231
Dodge: Dodged            |    69 |    54 ||   123
